 Dungeon Crawl Stone Soup version 0.19-a0-1277-g7cecae3 (webtiles) character file.

171466 MrRokkomies the Black Belt (level 16, -7/161 HPs)
             Began as a Troll Chaos Knight on Aug 30, 2016.
             Was the Champion of Jiyva.
             Mangled by a spark wasp (31 damage)
             ... on level 4 of the Spider Nest.
             The game lasted 01:34:37 (26306 turns).

MrRokkomies the Black Belt (Troll Chaos Knight)    Turns: 26306, Time: 01:34:38

Health: -7/161     AC: 12    Str: 10      XL:     16   Next: 82%
Magic:  0/23       EV: 10    Int: 10 (12) God:    Jiyva [******]
Gold:   852        SH:  0    Dex: 28      Spells: 5 memorised, 3 levels left

rFire  + + .     SeeInvis +       - Unarmed
rCold  + . .     Gourm    +     W - +1 robe of Defiance {rPois MR- Regen+ SInv}
rNeg   + + .     Faith    .     q - +2 large shield of Generosity {rC+ MR+ Str+2 Int-2}
rPois  +         Spirit   +     z - +2 hat
rElec  .         Dismiss  .     y - +1 cloak of Zomac {rN++}
rCorr  +         Reflect  .     (gloves unavailable)
MR     +....     Harm     .     (boots unavailable)
Stlth  ++........               G - amulet of guardian spirit
                                D - +3 ring of evasion
                                B - ring of protection from fire

@: held
A: unfitting armour, claws 3, large bone plates 1, agile 1, fire resistance 1,
fast metabolism 3, gourmand, sense surroundings 1, regeneration 2, shaggy fur 1,
strong 1, tough skin 2, acidic bite, translucent skin 1
a: Request Jelly, Jelly Paralyse, Slimify, Cure Bad Mutation, Renounce Religion
}: 2/15 runes: slimy, gossamer


You were on level 4 of the Spider Nest.
You worshipped Jiyva.
Jiyva was exalted by your worship.
You were very full.

You visited 6 branches of the dungeon, and saw 33 of its levels.
You also visited: Labyrinth and Ice Cave.

You collected 2565 gold pieces.
You spent 1713 gold pieces at shops.

Inventory:

Hand Weapons
 a - a +1 blowgun
Missiles
 o - 41 poisoned needles
 r - 2 curare-tipped needles
 s - 4 large rocks (quivered)
 x - 35 tomahawks
 P - 5 throwing nets
Armour
 q - the +2 large shield of Generosity (worn) {rC+ MR+ Str+2 Int-2}
   (You found it in a labyrinth)

   It affects your strength (+2).
   It affects your intelligence (-2).
   It protects you from cold.
   It affects your resistance to hostile enchantments.
 y - the +1 cloak of Zomac (worn) {rN++}
   (You bought it in a shop on level 5 of the Dungeon)

   It greatly protects you from negative energy.
 z - a +2 hat (worn)
 W - the +1 robe of Defiance (worn) {rPois MR- Regen+ SInv}
   (You found it on level 10 of the Dungeon)

   It protects you from poison.
   It affects your resistance to hostile enchantments.
   It lets you see invisible.
   It increases your rate of regeneration.
Rods
 C - a +9 lightning rod (2/16)
   (You bought it in a shop on level 11 of the Dungeon)
Jewellery
 j - an uncursed ring of protection from cold
 B - a ring of protection from fire (left claw)
 D - a +3 ring of evasion (right claw)
 G - an amulet of guardian spirit (around neck)
Wands
 m - a wand of disintegration (14/24)
 E - a wand of digging (7/24)
 J - a wand of enslavement (9/24)
 N - a wand of confusion (11/48)
 U - a wand of paralysis (16/24)
 V - a wand of teleportation (4/9)
 Z - a wand of hasting (2/9)
Scrolls
 c - a scroll of fog
 i - 6 scrolls of remove curse
 k - 2 scrolls of identify
 n - 6 scrolls of teleportation
 F - 2 scrolls of fear
 K - 2 scrolls of blinking
 M - 3 scrolls of enchant armour
 R - a scroll of silence
Potions
 d - 5 potions of lignification
 e - 4 potions of brilliance
 f - a potion of berserk rage
 h - 10 potions of curing
 p - 2 potions of agility
 u - 2 potions of magic
 v - a potion of heal wounds
 w - 3 potions of haste
 A - 4 potions of might
 Q - 6 potions of cancellation
 S - 5 potions of flight
 X - 4 potions of cure mutation
 Y - 2 potions of resistance
Miscellaneous
 l - a disc of storms
 H - a phantom mirror
 O - a fan of gales
Comestibles
 b - 18 bread rations
 g - 10 meat rations
 t - 20 fruits
 I - 9 slices of pizza
 L - 4 beef jerkies


   Skills:
 - Level 10.7 Fighting
 * Level 8.1 Throwing
 - Level 8.7 Dodging
 * Level 12.3 Shields
 - Level 15.2 Unarmed Combat
 - Level 11.2 Evocations


You had 3 spell levels left.
You knew the following spells:

 Your Spells              Type           Power        Failure   Level  Hunger
a - Regeneration          Chrm/Necr      #.........   99%         3    ####...
b - Ensorcelled Hibernat  Hex/Ice        #.....       88%         2    ###....
c - Blink                 Tloc           N/A          88%         2    ###....
d - Repel Missiles        Chrm/Air       #.....       88%         2    ###....
e - Portal Projectile     Tloc           #.....       99%         3    ####...


Dungeon Overview and Level Annotations

Branches:
Dungeon (15/15)            Temple (1/1) D:6            Lair (6/6) D:8
 Shoals (0/4) Lair:2       Spider (4/4) Lair:3        Slime (5/5) Lair:5
    Orc (2/2) D:11            Elf (0/3) Orc:2        Vaults (0/5) D:13
 Depths (0/5) D:15

Altars:
Ashenzari
Cheibriados
Dithmenos
Elyvilon
Fedhas
Gozag
Hepliaklqana
Kikubaaqudgha
Makhleb
Nemelex Xobeh
Okawaru
Qazlal
Ru
Sif Muna
Trog
Uskayaw
Vehumet
Xom
Yredelemnul
Zin
The Shining One
Beogh
Jiyva

Shops:
D:5 ?[   D:6 (   D:10 *   D:11 }   D:13 *   Orc:1 (}   Orc:2 !*=?

Annotations:
D:8 exclusion: orange crystal statue
D:15 exclusion: Roxanne, Roxanne
Slime:5 Dissolution, Royal Jelly


Innate Abilities, Weirdness & Mutations

You are too large for most types of armour.
You have claws for hands.
Your metabolism is lightning-fast.
You like to eat raw meat.
You heal very quickly.
You are covered in fur. (AC +1)
You have very tough skin. (AC +2)
You are partially covered in large bone plates. (AC +2, SH +2)
You are agile. (Dex +2)
Your flesh is heat resistant. (rF+)
You passively map a small area around you.
Your muscles are strong. (Str +2)
You have acidic saliva.
Your translucent skin slightly reduces your foes' accuracy. (Stealth)


Message History

You block the spark wasp's attack.
The jumping spider leaps!
You block the jumping spider's attack. x2
The jumping spider leaps!
The wolf spider hits you!
* * * LOW HITPOINT WARNING * * *
The wolf spider bites you.
* * * LOW HITPOINT WARNING * * *
You block the jumping spider's attack. The jumping spider barely misses you.
You feel much better. You block the spark wasp's attack.
The jumping spider leaps!
You block the wolf spider's attack. The wolf spider bites you.
* * * LOW HITPOINT WARNING * * *
The jumping spider pounces on you.
* * * LOW HITPOINT WARNING * * *
You are caught in a web!
The jumping spider bites you but does no damage.
The jumping spider pounces on you.
* * * LOW HITPOINT WARNING * * *
The jumping spider bites you but does no damage.
The spark wasp stings you!!
You die...

#..#...###^....###...#..#
#..#....#.......#^...#..#
#....†....^.............#
,
##............^^^......##
, ##......#....^#...^..##
, #.....###...###.....# ,
#..#...#.....#...#..# *
#..##..^..s.....##^.## ,
#..# #....@§....^###..#
,, #.. ##..sys...^## #..#
#..* ##.........## #..#
#.. #.....^.....###..# *
## #^.§##'''##...#..## *
##..*#.†^##..##..# * ##
#s..#..##..## , *
#..^#.##..## *
*#..^###..## *


You could see a spark wasp, a wolf spider and 3 jumping spiders.

Vanquished Creatures
  4 ghost moths (Spider:4)
  9 emperor scorpions
  Snorg (Lair:6)
  A minotaur (Lab)
  4 hydras
  The ghost of Deemzul the Carver, a journeyman DsBe of Trog (Orc:2)
  3 vault guards (D:13)
  4 centaur warriors
  3 orc high priests (Orc:2)
  6 death yaks
  A tengu warrior (D:14)
  A fire crab (shapeshifter) (Lair:6)
  2 unseen horrors
  7 hell knights (D:11)
  3 wizards (D:15)
  3 hill giants
  6 orc knights
  12 orb spiders
  A griffon (D:14)
  5 necromancers
  12 ugly things
  21 wolf spiders
  2 cyclopes
  2 deep elf magi
  A moth of wrath (Spider:4)
  5 hornets
  Maurice (D:8)
  3 elephants
  A naga mage (D:15)
  4 black mambas
  The ghost of KuKumber the Sneak, a novice KoIE of Kikubaaqudgha (D:5)
  A gargoyle (D:11)
  Psyche (D:10)
  2 torpor snails
  An efreet (D:15)
  2 rime drakes
  6 spiny frogs
  5 komodo dragons
  3 kobold demonologists
  2 ice devils (D:13)
  A freezing wraith (D:15)
  10 demonic crawlers
  21 jumping spiders
  5 trolls
  18 polar bears
  A two-headed ogre (D:11)
  12 blink frogs
  2 harpy skeletons (D:15)
  7 dream sheep (Lair:5)
  2 boulder beetles
  35 redbacks
  A shadow (D:14)
  70 yaks
  17 spriggans
  33 tarantellas
  A wraith (D:14)
  A wyvern (D:13)
  2 vampires
  2 centaur simulacra (D:15)
  The ghost of spawnfightdierepeat the Skirmisher, an amateur FoFi (D:4)
  12 hippogriffs
  5 hogs (Lair:4)
  16 humans (D:13)
  3 basilisks
  4 wargs
  3 mottled dragons
  16 water moccasins
  2 soldier ants (D:14)
  7 hell hounds (D:11)
  13 porcupines
  30 orc warriors
  A swamp drake (D:8)
  An ice beast (D:12)
  4 sky beasts
  6 wasps
  3 black bears
  A phantom (D:5)
  A necrophage (D:10)
  37 wolves
  10 ogres
  8 centaurs
  4 boggarts (Lair:6)
  10 crocodiles
  3 big kobolds (D:14)
  9 giant frogs
  A wyvern zombie (D:14)
  3 scorpions
  27 killer bees
  2 wights (D:8)
  3 howler monkeys
  A centaur zombie (D:9)
  6 crimson imps
  A quasit (D:14)
  3 jellies
  2 giant frog skeletons
  6 hounds
  A gnoll shaman (D:10)
  Crazy Yiuf (D:4)
  28 orc priests
  6 iguanas
  7 centaur skeletons
  15 orc wizards
  12 worker ants
  2 hound zombies
  A hound skeleton (D:4)
  2 howler monkey zombies
  6 gnolls
  7 adders
  49 river rats
  A shadow imp (D:15)
  An ooze (D:1)
  A worm (D:4)
  A dart slug (D:1)
  2 giant geckos
  76 orcs
  A ball python (D:2)
  5 bats
  5 giant cockroaches
  7 goblins
  10 hobgoblins
  9 jackals
  10 kobolds
  6 quokkas
  2 giant gecko skeletons
  3 giant newts
  A quokka skeleton (D:7)
  5 rats
  A fungus (D:4)
943 creatures vanquished.

Vanquished Creatures (collateral kills)
  Kirke (Lair:4)
  Harold (Lair:2)
  A vault guard (D:13)
  2 hell knights (D:11)
  A wizard (D:13)
  A spiny frog (Lair:2)
  An orc warrior (Orc:2)
  A spriggan (Lair:6)
  2 basilisks
  A yak (D:8)
  A hippogriff (Lair:2)
  A warg (D:11)
  2 porcupines (D:8)
  A water moccasin (Lair:5)
  A giant frog (Lair:2)
  2 wights (D:8)
  A river rat (D:8)
21 creatures vanquished.

Vanquished Creatures (others)
  An acid blob (Slime:5)
  A rakshasa (D:12)
  An orb spider (Spider:1)
  An ugly thing (D:15)
  A torpor snail (Spider:2)
  A centaur skeleton (D:15)
  A demonic crawler (Spider:2)
  A komodo dragon (Lair:3)
  A jumping spider (Spider:4)
  18 slime creatures
  A redback (Spider:2)
  6 yaks
  A tarantella (Spider:4)
  A spriggan (Lair:5)
  A shadow (D:14)
  A human (D:13)
  2 orc warriors
  An eye of draining (D:13)
  4 wolves (Lair:3)
  A centaur (D:15)
  A crocodile (Lair:5)
  2 big kobolds (D:13)
  A giant frog (Lair:5)
  142 jellies
  A killer bee (D:12)
  A hound (D:14)
  4 orc priests
  5 orc wizards
  An iguana (D:13)
  4 gnolls (D:10)
  5 river rats (Lair:6)
  A shadow imp (D:13)
  A giant gecko (D:11)
  14 orcs
  9 kobolds (D:13)
  20 fungi
  17 plants
275 creatures vanquished.

Grand Total: 1239 creatures vanquished

Notes
Turn   | Place    | Note
-------+----------+-------------------------------------------
     0 | D:1      | MrRokkomies the Troll Chaos Knight began the quest for the Orb.
     0 | D:1      | Reached XP level 1. HP: 22/22 MP: 0/0
    49 | D:1      | XOM: potion effect (haste)
    96 | D:1      | Reached XP level 2. HP: 29/29 MP: 1/1
   122 | D:1      | XOM: harmless Pois miscast
   165 | D:1      | XOM: harmless Conj miscast
   289 | D:1      | Reached XP level 3. HP: 36/36 MP: 2/2
   359 | D:1      | XOM is BORED!
   359 | D:1      | XOM: silly message
   678 | D:1      | XOM: harmless Erth miscast
   857 | D:1      | XOM: cloud trail
  1084 | D:2      | XOM is BORED!
  1084 | D:2      | XOM: noise
  1188 | D:2      | XOM: mild Fire miscast
  1360 | D:2      | Reached skill level 4 in Unarmed Combat
  1718 | D:3      | Reached XP level 4. HP: 41/45 MP: 3/3
  1830 | D:3      | Found an iron altar of Okawaru.
  2325 | D:4      | XOM: potion effect (brilliance)
  2327 | D:4      | XOM: potion effect (experience)
  2327 | D:4      | Reached skill level 9 in Unarmed Combat
  2327 | D:4      | Reached XP level 5. HP: 62/62 MP: 4/4
  2330 | D:4      | Reached XP level 6. HP: 71/71 MP: 5/5
  2337 | D:4      | Found a white marble altar of Elyvilon.
  2353 | D:4      | Noticed spawnfightdierepeat's ghost (amateur FoFi)
  2357 | D:4      | XOM: potion effect (curing)
  2365 | D:4      | Killed spawnfightdierepeat's ghost
  2475 | D:4      | Reached XP level 7. HP: 76/79 MP: 6/6
  2651 | D:4      | XOM: silly message
  2982 | D:4      | Found a runed door.
  2986 | D:4      | Noticed Crazy Yiuf
  2991 | D:4      | Killed Crazy Yiuf
  2998 | D:4      | XOM: mild Fire miscast
  3052 | D:5      | Entered Level 5 of the Dungeon
  3093 | D:5      | Found Idarag's Magic Scroll Emporium.
  3112 | D:5      | Found Toruf's Antique Armour Shop.
  3241 | D:5      | XOM: cloud trail
  3251 | D:5      | Noticed KuKumber's ghost (novice KoIE)
  3257 | D:5      | Killed KuKumber's ghost
  3257 | D:5      | Reached skill level 10 in Unarmed Combat
  3257 | D:5      | Reached XP level 8. HP: 89/89 MP: 7/7
  3570 | D:5      | XOM: medium Hex miscast
  3643 | D:6      | Found an opulent altar of Gozag.
  3675 | D:6      | Found a staircase to the Ecumenical Temple.
  3687 | Temple   | Entered the Ecumenical Temple
  3981 | D:6      | Learned a level 3 spell: Regeneration
  4017 | D:6      | XOM: god gift: 32 gold pieces
  4026 | D:6      | XOM: harmless Necr miscast
  4135 | D:5      | Bought a translucent cloak for 228 gold pieces
  4146 | D:5      | Identified the +1 cloak of Zomac {rN++} (You bought it in a shop on level 5 of the Dungeon)
  4546 | D:6      | Found Wumur's Antique Weapon Boutique.
  4643 | D:6      | XOM: harmless Summ miscast
  4725 | D:6      | XOM: mild Air miscast
  4809 | D:7      | XOM is BORED!
  4809 | D:7      | XOM: 5-stop teleportation journey
  4897 | D:7      | XOM: cast spell 'Shadow Creatures'
  5094 | D:7      | Reached XP level 9. HP: 96/97 MP: 8/8
  5235 | D:7      | Reached skill level 1 in Shields
  5302 | D:7      | XOM: cloud trail
  5309 | D:7      | Found a sparkling altar of Nemelex Xobeh.
  5554 | D:7      | XOM: fog
  5572 | D:7      | XOM is BORED!
  5572 | D:7      | XOM: give mutations
  5572 | D:7      | Gained mutation: Scrolls take you a little longer to read. [Xom's mischief]
  5572 | D:7      | Gained mutation: You are frail. (-10% HP) [Xom's mischief]
  5654 | D:7      | XOM: god gift: runed dagger {god gift}
  5713 | D:7      | XOM: fog
  5714 | D:7      | XOM: noise
  6030 | D:8      | Found a burning altar of Makhleb.
  6030 | D:8      | Noticed a blizzard demon
  6159 | D:8      | XOM: potion effect (might)
  6208 | D:8      | XOM: noise
  6220 | D:8      | Reached skill level 5 in Dodging
  6222 | D:8      | XOM: noise
  6229 | D:8      | Reached XP level 10. HP: 51/95 MP: 9/9
  6234 | D:8      | XOM: polymorph crocodile -> swamp drake
  6239 | D:8      | XOM: swap monsters
  6342 | D:8      | Found a staircase to the Lair.
  6521 | D:8      | XOM: give mutation
  6521 | D:8      | Gained mutation: You are clumsy. (Dex -2) [Xom's mischief]
  6523 | D:8      | Reached skill level 5 in Shields
  6592 | D:8      | Noticed Maurice
  6595 | D:8      | XOM: harmless Conj miscast
  6598 | D:8      | XOM: mild Ice miscast
  6621 | D:8      | XOM: confuse monster(s)
  6638 | D:8      | XOM: summons 4 friendly demons
  6672 | D:8      | Noticed an orange crystal statue
  6698 | D:8      | XOM: harmless Divn miscast
  6869 | D:8      | Killed Maurice
  7134 | Lair:1   | Entered Level 1 of the Lair of Beasts
  7427 | Lair:1   | XOM: god gift: glowing long sword {god gift}
  7544 | Lair:1   | XOM: scenery: 2 fountains blood, 1 doors open
  7642 | Lair:1   | XOM: give mutations
  7642 | Lair:1   | Gained mutation: Your flesh is cold resistant. (rC+) [Xom's grace]
  7642 | Lair:1   | Gained mutation: Your muscles are strong. (Str +2) [Xom's grace]
  7642 | Lair:1   | Lost mutation: You are frail. (-10% HP) [Xom's grace]
  7753 | Lair:1   | XOM: confuse monster(s)
  7759 | Lair:1   | XOM: divine lightning (protected)
  7818 | Lair:2   | Found a staircase to the Shoals.
  7862 | Lair:2   | Noticed a spiny frog
  7867 | Lair:2   | Noticed a black mamba
  7873 | Lair:2   | XOM: scenery: create altars
  7879 | Lair:2   | Found a white marble altar of Elyvilon.
  7879 | Lair:2   | XOM: 5-stop teleportation journey
  7909 | Lair:2   | Killed a black mamba
  7909 | Lair:2   | Reached XP level 11. HP: 65/113 MP: 10/10
  8067 | Lair:2   | XOM: destruction
  8169 | Lair:2   | Identified Xom's Almanac of Failure (Xom gifted it to you on level 2 of the Lair of Beasts)
  8169 | Lair:2   | XOM: god gift: Xom's Almanac of Failure
  8174 | Lair:2   | Learned a level 2 spell: Ensorcelled Hibernation
  8178 | Lair:2   | XOM: give mutations
  8178 | Lair:2   | Gained mutation: You have a pair of small antennae on your head. [Xom's grace]
  8178 | Lair:2   | Gained mutation: You have sharp toenails. [Xom's grace]
  8178 | Lair:2   | Gained mutation: You are partially covered in large bone plates. (AC +2, SH +2) [Xom's grace]
  8178 | Lair:2   | Gained mutation: You have an increased reservoir of magic. (+10% MP) [Xom's grace]
  8195 | Lair:2   | XOM: scenery: create altars
  8295 | Lair:2   | Reached skill level 1 in Evocations
  8339 | Lair:2   | Noticed Harold
  8350 | Lair:2   | Killed Harold
  8763 | Lair:2   | XOM: mild Ice miscast
  8858 | Lair:3   | XOM: swap monsters
  8881 | Lair:3   | Found a hole to the Spider Nest.
  8902 | Lair:3   | XOM: divine lightning (protected)
  8954 | Lair:3   | XOM: god gift: club {god gift}
  9190 | Lair:3   | XOM: divination: magic mapping
  9191 | Lair:3   | XOM: god gift: scroll of enchant weapon
  9542 | Lair:3   | XOM: polymorph hippogriff -> spriggan
  9557 | Lair:3   | XOM: scenery: create altars
 10004 | Lair:4   | XOM: cleaving
 10011 | Lair:4   | XOM: potion effect (invisibility)
 10170 | Lair:4   | Learned a level 2 spell: Blink
 10173 | Lair:4   | Learned a level 2 spell: Repel Missiles
 10239 | Lair:4   | Reached XP level 12. HP: 122/122 MP: 4/16
 10257 | Lair:4   | Reached skill level 5 in Evocations
 10276 | Lair:4   | XOM: stat loss: -1 Str (24/25)
 10362 | Lair:4   | Noticed a six-headed hydra
 10374 | Lair:4   | XOM: enchant monster (good)
 10405 | Lair:4   | XOM: 2-stop teleportation journey
 10533 | Lair:4   | Noticed Kirke
 10535 | Lair:4   | XOM: summons friendly crimson imp
 10547 | Lair:4   | Found a blossoming altar of Fedhas.
 10547 | Lair:4   | XOM: 5-stop teleportation journey
 10770 | Lair:4   | XOM: summons 4 hostile shadow creatures
 10796 | Lair:4   | Noticed a sphinx
 10805 | Lair:4   | XOM: enchant monster (good)
 10812 | Lair:4   | XOM: summons 12 friendly demons
 10821 | Lair:4   | XOM: confuse monster(s)
 10825 | Lair:4   | Killed a 16-headed hydra
 10831 | Lair:4   | Killed Kirke
 11001 | Lair:4   | Identified the Handbook of Harmful Aid
 11076 | Lair:4   | XOM: god gift: short sword {god gift}
 11226 | Lair:5   | XOM: summons friendly crimson imp
 11230 | Lair:5   | XOM: summons friendly ufetubus
 11325 | Lair:5   | Found a viscous altar of Jiyva.
 11328 | Lair:5   | Found a staircase to the Slime Pits.
 11335 | Lair:5   | Fell from the grace of Xom
 11335 | Lair:5   | Became a worshipper of Jiyva Jotuqil the Shapeless
 11468 | Lair:5   | Reached * piety under Jiyva
 11474 | Lair:5   | Noticed an eight-headed hydra
 11487 | Lair:5   | Killed an eight-headed hydra
 11572 | Lair:5   | XOM: medium Tmut miscast
 11734 | Lair:5   | Reached ** piety under Jiyva
 11792 | Lair:5   | XOM: severe Fire miscast
 12091 | Lair:5   | Reached skill level 11 in Unarmed Combat
 12161 | Lair:6   | Entered Level 6 of the Lair of Beasts
 12207 | Lair:6   | XOM: noise
 12243 | Lair:5   | XOM: swap monsters
 12291 | Lair:6   | Noticed Snorg
 12307 | Lair:6   | Killed Snorg
 12462 | Lair:6   | Reached XP level 13. HP: 103/130 MP: 17/19
 12711 | Lair:6   | XOM: polymorph black bear -> polar bear
 12738 | Lair:6   | Reached *** piety under Jiyva
 12741 | Lair:6   | Lost mutation: Your flesh is cold resistant. (rC+) [Jiyva's grace]
 12842 | Lair:4   | Reached **** piety under Jiyva
 12883 | Lair:6   | XOM: harmless Ice miscast
 13124 | Lair:6   | Lost mutation: You have sharp toenails. [Jiyva's grace]
 13238 | Lair:6   | Reached ***** piety under Jiyva
 13278 | Lair:6   | XOM: give mutations
 13278 | Lair:6   | Gained mutation: You are frail. (-10% HP) [Xom's mischief]
 13278 | Lair:6   | Gained mutation: You are dopey. (Int -2) [Xom's mischief]
 13278 | Lair:6   | Lost mutation: Scrolls take you a little longer to read. [Xom's mischief]
 13278 | Lair:6   | Lost mutation: You have a pair of small antennae on your head. [Xom's mischief]
 13366 | Lair:6   | XOM: noise
 13385 | Lair:6   | Reached skill level 12 in Unarmed Combat
 13394 | Lair:6   | Gained mutation: Your translucent skin slightly reduces your foes' accuracy. (Stealth) [Jiyva's grace]
 13866 | Lair:6   | XOM: give mutations
 13866 | Lair:6   | Gained mutation: Armour fits poorly on your strangely shaped body. [Xom's mischief]
 13866 | Lair:6   | Lost mutation: Your muscles are strong. (Str +2) [Xom's mischief]
 13866 | Lair:6   | Gained mutation: Scrolls take you a little longer to read. [Xom's mischief]
 13866 | Lair:6   | Lost mutation: Scrolls take you a little longer to read. [Xom's mischief]
 14003 | Lair:6   | Gained mutation: You have a somewhat thin skeletal structure. (Dex +2, Stealth) [Jiyva's grace]
 14429 | D:9      | Gained mutation: You can translocate small distances at will. [Jiyva's grace]
 14429 | D:9      | Reached ****** piety under Jiyva
 14460 | D:9      | Gained mutation: You are mostly covered in large bone plates. (AC +3, SH +3) [Jiyva's grace]
 14622 | D:9      | XOM: polymorph jelly -> adder
 14754 | Slime:1  | Entered Level 1 of the Pits of Slime
 14783 | Slime:5  | XOM: noise
 14783 | Slime:5  | Entered Level 5 of the Pits of Slime
 14789 | Slime:5  | Noticed an acid blob
 14789 | Slime:5  | Noticed Dissolution
 14800 | Slime:5  | Lost mutation: Your translucent skin slightly reduces your foes' accuracy. (Stealth) [Jiyva's grace]
 14802 | Slime:5  | Found a viscous altar of Jiyva.
 14802 | Slime:5  | Noticed an acid blob
 14803 | Slime:5  | Noticed an acid blob
 14803 | Slime:5  | Noticed the Royal Jelly
 14803 | Slime:5  | Noticed an acid blob
 14809 | Slime:5  | Gained mutation: You have supernaturally acute eyesight. (SInv) [Jiyva's grace]
 14814 | Slime:5  | Lost mutation: You are dopey. (Int -2) [Jiyva's grace]
 14815 | Slime:5  | Got a slimy rune of Zot
 14821 | Slime:5  | Killed an acid blob
 14831 | Slime:5  | Noticed an azure jelly
 14834 | Slime:5  | Noticed a death ooze
 14835 | Slime:5  | Noticed an acid blob
 14837 | Slime:5  | Noticed an acid blob
 15037 | D:10     | Entered Level 10 of the Dungeon
 15060 | D:10     | XOM: stat loss: -2 Int (8/10)
 15069 | D:10     | Noticed Psyche
 15088 | D:10     | Killed Psyche
 15129 | D:10     | XOM: give mutations
 15129 | D:10     | Gained mutation: You are very frail. (-20% HP) [Xom's mischief]
 15129 | D:10     | Gained mutation: You have large cloven feet. [Xom's mischief]
 15129 | D:10     | Lost mutation: Armour fits poorly on your strangely shaped body. [Xom's mischief]
 15129 | D:10     | Lost mutation: You have a somewhat thin skeletal structure. (Dex +2, Stealth) [Xom's mischief]
 15183 | D:10     | Gained mutation: You are somewhat resistant to further mutation. [Jiyva's grace]
 15228 | D:10     | Reached skill level 13 in Unarmed Combat
 15466 | D:10     | Found Webbany's General Store.
 15630 | D:10     | Got a creamy pearl robe
 15636 | D:10     | Identified the +1 robe of Defiance {rPois MR- Regen+ SInv} (You found it on level 10 of the Dungeon)
 15661 | D:10     | Gained mutation: Your rubbery body absorbs attacks. (AC +1, EV +1) [Jiyva's grace]
 15950 | D:11     | Found Cexagg's Gadget Emporium.
 16065 | D:11     | Found a staircase to the Orcish Mines.
 16099 | D:11     | Lost mutation: Your rubbery body absorbs attacks. (AC +1, EV +1) [Jiyva's grace]
 16244 | D:11     | Reached XP level 14. HP: 38/109 MP: 5/22
 16525 | D:11     | Gained mutation: Armour fits poorly on your pseudopods. [Jiyva's grace]
 16658 | Orc:1    | Entered Level 1 of the Orcish Mines
 16658 | Orc:1    | Found Oleytet's Antique Weapon Shop.
 16785 | Orc:1    | Gained mutation: Your translucent skin slightly reduces your foes' accuracy. (Stealth) [Jiyva's grace]
 16806 | Orc:1    | Found Zeyrghy's Quality Used Wands.
 16838 | Orc:1    | Gained mutation: Your mind is acute. (Int +2) [Jiyva's grace]
 16845 | Orc:1    | Gained mutation: Your rubbery body absorbs attacks. (AC +1, EV +1) [Jiyva's grace]
 17040 | Orc:2    | Entered Level 2 of the Orcish Mines
 17040 | Orc:2    | Noticed Deemzul's ghost (journeyman DsBe)
 17059 | Orc:2    | Killed Deemzul's ghost
 17059 | Orc:2    | Reached skill level 10 in Evocations
 17146 | Orc:2    | Found a roughly hewn altar of Beogh.
 17200 | Orc:2    | Found a staircase to the Elven Halls.
 17374 | Orc:2    | XOM: mild Divn miscast
 17446 | Orc:2    | Gained mutation: You possess an exceptional clarity of mind. [Jiyva's grace]
 17677 | Orc:2    | Reached skill level 14 in Unarmed Combat
 17712 | Orc:2    | Lost mutation: You have large cloven feet. [Jiyva's grace]
 17735 | Orc:2    | Lost mutation: You can translocate small distances at will. [Jiyva's grace]
 17885 | Orc:2    | Lost mutation: You are very frail. (-20% HP) [Jiyva's grace]
 17913 | Orc:2    | Gained mutation: Armour fits poorly on your large pseudopods. [Jiyva's grace]
 17917 | Orc:2    | Gained mutation: You have acidic saliva. [Jiyva's grace]
 18191 | Orc:2    | Lost mutation: You are clumsy. (Dex -2) [Jiyva's grace]
 18225 | Orc:2    | Gained mutation: Your pliable body absorbs attacks. (AC +2, EV +2) [Jiyva's grace]
 18229 | Orc:2    | Found Jeinann's Magic Scroll Boutique.
 18232 | Orc:2    | Found Deqahy's Distillery.
 18233 | Orc:2    | Found Ajygumu's Jewellery Boutique.
 18234 | Orc:2    | Found Ihafiam's Assorted Antiques.
 18385 | D:11     | XOM: give mutations
 18385 | D:11     | Lost mutation: You are frail. (-10% HP) [Xom's mischief]
 18385 | D:11     | Lost mutation: Your mind is acute. (Int +2) [Xom's mischief]
 18385 | D:11     | Lost mutation: Armour fits poorly on your large pseudopods. [Xom's mischief]
 18385 | D:11     | Lost mutation: Your pliable body absorbs attacks. (AC +2, EV +2) [Xom's mischief]
 18462 | D:12     | XOM: 1-stop teleportation journey
 18463 | D:12     | Noticed Nergalle
 18472 | D:12     | Slimified Nergalle
 18472 | D:12     | Noticed Nergalle
 18472 | D:12     | Nergalle changed into Nergalle the acid blob
 18530 | D:12     | XOM: blink monster(s)
 18606 | D:12     | Lost mutation: You are mostly covered in large bone plates. (AC +3, SH +3) [Jiyva's grace]
 18806 | D:12     | Gained mutation: You have a small jelly attached to you that senses nearby items. [Jiyva's grace]
 19000 | D:13     | XOM: give mutation
 19000 | D:13     | Lost mutation: You have an increased reservoir of magic. (+10% MP) [Xom's mischief]
 19132 | D:13     | Found a gate to the Vaults.
 19170 | D:13     | Reached skill level 15 in Unarmed Combat
 19199 | D:13     | HP: 6/137 [vault guard/bardiche (27)]
 19202 | D:13     | Lost mutation: You possess an exceptional clarity of mind. [Jiyva's grace]
 19216 | D:13     | Gained mutation: You possess an exceptional clarity of mind. [Jiyva's grace]
 19225 | D:13     | Found Kaisaqur's General Store.
 19273 | D:13     | Found a frozen archway.
 19277 | D:13     | Gained mutation: Your system is resistant to poisons. (rPois) [Jiyva's grace]
 19308 | IceCv    | Entered an ice cave
 19452 | IceCv    | Reached XP level 15. HP: 144/145 MP: 20/22
 19758 | IceCv    | Noticed a frost giant
 19765 | IceCv    | Lost mutation: You possess an exceptional clarity of mind. [Jiyva's grace]
 19815 | IceCv    | Slimified a frost giant
 19815 | IceCv    | Noticed an acid blob
 19815 | IceCv    | a frost giant changed into an acid blob
 19820 | IceCv    | Lost mutation: Your translucent skin slightly reduces your foes' accuracy. (Stealth) [Jiyva's grace]
 19875 | D:13     | Lost mutation: You have supernaturally acute eyesight. (SInv) [Jiyva's grace]
 19934 | D:13     | Lost mutation: Your system is resistant to poisons. (rPois) [Jiyva's grace]
 20088 | D:13     | XOM: scenery: create altars
 20183 | D:13     | XOM: mild Fire miscast
 20183 | D:13     | Was forgiven by Xom
 20884 | D:14     | Lost mutation: You have a small jelly attached to you that senses nearby items. [Jiyva's grace]
 20948 | D:14     | Gained mutation: Your mind is acute. (Int +2) [Jiyva's grace]
 21060 | D:14     | Gained mutation: Your translucent skin slightly reduces your foes' accuracy. (Stealth) [Jiyva's grace]
 21229 | D:15     | Entered Level 15 of the Dungeon
 21289 | D:15     | Found a labyrinth entrance.
 21298 | Lab      | Entered a labyrinth
 21418 | Lab      | Reached skill level 10 in Fighting
 21423 | Lab      | Identified the Collected Works on Curses
 21426 | Lab      | Identified Lom Lobon's Guide on Displacement
 21431 | Lab      | Learned a level 3 spell: Portal Projectile
 21435 | Lab      | Got a shimmering large shield
 21446 | Lab      | Identified the +2 large shield of Generosity {rC+ MR+ Str+2 Int-2} (You found it in a labyrinth)
 21490 | D:15     | Noticed Roxanne
 21656 | D:15     | Found a staircase to the Depths.
 21761 | D:15     | Lost mutation: You are somewhat resistant to further mutation. [Jiyva's grace]
 21803 | D:15     | Lost mutation: Your mind is acute. (Int +2) [Jiyva's grace]
 21909 | D:15     | Reached skill level 10 in Shields
 22346 | D:12     | Lost mutation: You are partially covered in large bone plates. (AC +2, SH +2) [Jiyva's grace]
 22382 | D:11     | Bought a +5 lightning rod (9/9) for 1425 gold pieces
 22522 | Spider:1 | Entered Level 1 of the Spider Nest
 22967 | D:6      | Bought a blowgun for 60 gold pieces
 23090 | Spider:1 | Lost mutation: Armour fits poorly on your pseudopods. [Jiyva's grace]
 23097 | Spider:1 | Noticed Aizul
 23105 | Spider:1 | Slimified Aizul
 23105 | Spider:1 | Noticed Aizul
 23105 | Spider:1 | Aizul changed into Aizul the acid blob
 23257 | Spider:1 | Reached skill level 1 in Throwing
 23753 | Spider:2 | Noticed Arachne
 23756 | Spider:2 | Gained mutation: You passively map a small area around you. [Jiyva's grace]
 23760 | Spider:2 | Slimified Arachne
 23760 | Spider:2 | Noticed Arachne
 23760 | Spider:2 | Arachne changed into Arachne the azure jelly
 24118 | Spider:3 | Reached XP level 16. HP: 139/161 MP: 19/23
 24254 | Spider:3 | Gained mutation: You are partially covered in large bone plates. (AC +2, SH +2) [Jiyva's grace]
 24791 | Spider:3 | Reached skill level 5 in Throwing
 25276 | Spider:4 | Entered Level 4 of the Spider Nest
 25563 | Spider:4 | Gained mutation: Your flesh is heat resistant. (rF+) [Jiyva's grace]
 25622 | Spider:3 | Gained mutation: You are agile. (Dex +2) [Jiyva's grace]
 25753 | Spider:4 | Gained mutation: You heal very quickly. [Jiyva's grace]
 26123 | Spider:4 | Gained mutation: Your muscles are strong. (Str +2) [Jiyva's grace]
 26164 | Spider:4 | Got a gossamer rune of Zot
 26291 | Spider:4 | Lost mutation: Your rubbery body absorbs attacks. (AC +1, EV +1) [Jiyva's grace]
 26306 | Spider:4 | Mangled by a spark wasp

Vault maps used:
D:1:      scummos_arrival_gate
D:2:      minmay_hedge_maze, glass_columns_b, minivault_14
D:3:      roderic_bali_sauvastika, okawaru_metal_pillars_1_2
D:4:      first_bread, elyvilon_altar_4, uniq_crazy_yiuf_cottage
D:5:      serial_shops, shop, shop
D:6:      basic_altar, serial_shops, shop, hangedman_abyss_or_decor_lesser_grid,
          lemuel_another_geyser
D:7:      basic_altar
D:8:      minmay_statue_hallways, minmay_lair_entry_grove,
          minmay_misc_feat_hallway, grunt_pizzeria, makhleb_altar_promises_db,
          uniq_maurice
D:10:     serial_shops, nicolae_shop_window_shopping, minmay_orc_keep,
          uniq_psyche
D:11:     erik_orc_3, serial_shops, shop, minmay_rotating_lava
D:12:     st_stairs_8, uniq_nergalle
D:13:     grunt_vaults_entry_tiered, serial_shops, shop,
          portal_ice_cave_demonic_guard
D:15:     grunt_enter_depths_magical_seal, lab_entry_generic,
          hangedman_abyss_or_decor_slice, nicolae_wwwww, uniq_roxanne
Temple:   nicolae_temple_the_god_donut
Lair:1:   grunt_megastairs_3
Lair:2:   shoals_dummy_entry, basic_altar, bh_autumn_forest_stairs, uniq_harold
Lair:3:   spider_nest_entry_webs, grunt_megastairs_5
Lair:4:   basic_altar, serial_bayou_shore_b, lemuel_fruit_tree, uniq_kirke
Lair:5:   slime_altar_1, wad_woods_02, grunt_megastairs_4
Lair:6:   minmay_lair_end_enchanted_forest, uniq_snorg
Spider:1: uniq_aizul
Spider:2: nicolae_spider_webbed_stairs, uniq_arachne
Spider:3: nicolae_spider_mines_3
Spider:4: johnstein_spider_rune_arachne_lair
Slime:5:  uniq_dissolution
Orc:1:    serial_shops, shop, nicolae_for_you_no_charge
Orc:2:    st_orc_pillars, basic_altar
Lab:      nicolae_lab_dead_adventurers, nicolae_lab_plus, lab_hedge
IceCv:    ice_cave_caverns_01

Skill      XL: |  1  2  3  4  5  6  7  8  9 10 11 12 13 14 15 16 |
---------------+-------------------------------------------------+-----
Fighting       | 3 7 8 10 | 10.7
Unarmed Combat | 4 9 10 11 13 15 | 15.2
Dodging        | 3 5 7 8 |  8.7
Shields        | 3 6 8 9 10 12 | 12.3
Evocations     | 4 7 9 11 | 11.2
Throwing       | 3 8 |  8.1

Action                   |  1- 3 |  4- 6 |  7- 9 | 10-12 | 13-15 | 16-18 || total
-------------------------+-------+-------+-------+-------+-------+-------++-------
Melee: Unarmed           |   115 |    58 |   258 |   702 |  2305 |   789 ||  4227
       Punch             |     4 |     2 |     3 |       |       |       ||     9
       Kick              |       |       |       |   134 |   173 |       ||   307
       Pseudopods        |       |       |       |       |   361 |       ||   361
       Bite              |       |       |       |       |   242 |   148 ||   390
 Fire: Blowgun           |       |       |       |       |       |    36 ||    36
Throw: Stone             |       |       |     2 |       |       |       ||     2
       Tomahawk          |       |       |       |     6 |     4 |       ||    10
       Large rock        |       |       |       |       |     1 |     2 ||     3
Invok: Request Jelly     |       |       |       |       |     2 |     1 ||     3
       Slimify           |       |       |       |       |     8 |     3 ||    11
Evoke: Wand              |       |     3 |       |    17 |    21 |       ||    41
       Sack of spiders   |       |       |       |     2 |       |       ||     2
       Rod               |       |       |       |       |     4 |     8 ||    12
  Use: Scroll            |     7 |       |    13 |     9 |    23 |       ||    52
       Potion            |       |       |     1 |     5 |     5 |     2 ||    13
 Stab: Sleeping          |       |     1 |     2 |     1 |     8 |       ||    12
       Invisible         |       |       |       |     3 |       |       ||     3
       Petrified         |       |       |       |    10 |       |       ||    10
       Distracted        |       |       |       |       |     4 |       ||     4
  Eat: Chunk             |    18 |     6 |    18 |    62 |     9 |       ||   113
       Fruit             |       |       |    11 |       |       |       ||    11
       Beef jerky        |       |       |     1 |     1 |       |       ||     2
Armor: Robe              |    46 |    14 |    74 |   143 |   284 |   162 ||   723
       Skin              |       |       |     2 |    18 |       |       ||    20
Dodge: Dodged            |    66 |    25 |    90 |   389 |  1180 |   626 ||  2376
Block: Shield            |       |       |    67 |   598 |  1177 |       ||  1842
       Other             |       |       |     4 |       |       |       ||     4
       Large shield      |       |       |       |       |   448 |  1062 ||  1510
